Map: Odyssey LE

Players

Optimus - Winner!

  • Race: Terran Terran
  • League: Grandmaster
  • Spawn Location: 11:00

Socke

  • Race: Protoss Protoss
  • League: Master
  • Spawn Location: 5:00

Event: HomeStory Cup XVI

VOD

Have the link to the VOD?

Description

Time

  • Played on: Nov. 10, 2017, 9:26 a.m.
  • Length: 11:34

All games in this series

Show
View Real Time Build Order
Export as new Build Order

Optimus Terran - Winner!

Build Orders: MMM Bio 

Get SALT Encoding   

  12  0:00  SCV  
  13  0:12  SCV  
  14  0:17  Supply Depot  
  14  0:24  SCV  
  15  0:38  SCV  
  15  0:39  Barracks  
  16  0:44  Refinery  
  16  0:50  SCV  
  17  1:02  SCV  
  18  1:15  SCV  
  19  1:25  Marine  
  19  1:27  Orbital Command  
  20  1:42  Command Center  
  20  1:46  Barracks Reactor  
  20  1:53  SCV  
  21  1:58  Supply Depot  
  21  2:05  SCV  
  22  2:10  Factory  
  22  2:17  SCV  
  22  2:22  Marine x2  
  25  2:26  Refinery  
  26  2:30  SCV  
  26  2:40  Marine x2  
  26  2:42  SCV  
  29  2:54  SCV  
  29  2:55  Starport, Orbital Command  
  30  3:06  SCV  
  30  3:09  Marine  
  30  3:11  Hellion  
  35  3:13  Hellion  
  35  3:20  Engineering Bay  
  35  3:22  SCV  
  35  3:26  SCV  
  37  3:35  Hellion x2  
  37  3:37  Medivac  
  43  3:42  Supply Depot  
  43  3:45  Missile Turret  
  43  3:49  Missile Turret  
  43  3:50  SCV  
  45  4:00  Marine  
  45  4:01  Marine  
  45  4:02  Factory Tech Lab  
  46  4:05  SCV x2  
  48  4:17  Supply Depot, Viking, SCV x2  
  52  4:28  Siege Tank  
  52  4:29  SCV  
  52  4:30  SCV  
  53  4:32  Liberator  
  53  4:33  Bunker, Marine  
  54  4:38  Marine  
  54  4:41  Supply Depot, SCV  
  54  4:42  SCV  
  60  4:53  SCV  
  60  4:56  SCV  
  62  5:06  SCV, Marine x2  
  64  5:07  Bunker  
  64  5:10  Barracks x2  
  64  5:13  SCV  
  58  5:18  SCV  
  58  5:21  Siege Tank  
  55  5:25  SCV  
  56  5:30  SCV  
  57  5:37  SCV  
  57  5:38  Marine x2  
  57  5:40  Medivac  
  62  5:47  SCV  
  62  5:49  Refinery  
  63  5:50  Supply Depot  
  63  5:56  Marine x2  
  65  5:58  SCV  
  65  5:59  Terran Infantry Weapons Level 1, SCV  
  65  6:02  Refinery  
  67  6:10  SCV  
  68  6:11  SCV  
  68  6:12  Starport Reactor  
  68  6:14  Marine x2  
  68  6:15  Factory Tech Lab  
  71  6:21  Barracks Reactor  
  71  6:22  Command Center  
  71  6:26  SCV x2  
  71  6:30  Marine  
  71  6:31  Stimpack  
  71  6:32  Marine  
  75  6:38  SCV x2  
  77  6:43  Barracks  
  77  6:44  Barracks  
  77  6:45  Supply Depot  
  77  6:46  Missile Turret  
  77  6:47  Marine  
  77  6:52  Missile Turret  
  78  6:57  Supply Depot  
  78  6:59  Marine  
  78  7:00  SCV  
  78  7:01  Marine x3  
  83  7:06  Marine  
  87  7:12  Medivac x2  
  87  7:14  SCV  
  87  7:15  SCV  
  90  7:17  Marine  
  90  7:19  Supply Depot, Marine x2  
  90  7:20  Supply Depot, Factory Reactor  
  90  7:22  Marine  
  94  7:24  Marine  
  94  7:26  SCV  
  96  7:32  Barracks Tech Lab  
  96  7:33  Barracks Tech Lab  
  96  7:34  Orbital Command  
  96  7:35  Marine  
  96  7:41  Marine x3  
  96  7:42  SCV, Marine  
  96  7:43  SCV  
  102  7:48  Supply Depot  
  102  7:51  Marauder x2, Combat Shields, Concussive Shells  
  106  7:53  Terran Infantry Armor Level 1  
  106  7:54  Marine  
  106  7:56  SCV  
  108  7:58  Marine  
  109  8:10  Marine x2  
  109  8:12  Marauder x2  
  108  8:13  Orbital Command  
  108  8:19  Barracks  
  106  8:20  Barracks  
  106  8:23  Medivac x2  
  106  8:27  Marine x2  
  107  8:28  SCV x2  
  110  8:36  Marauder x2  
  110  8:40  SCV  
  115  8:44  Armory  
  115  8:46  Engineering Bay  
  115  8:48  Marine  
  115  8:49  SCV, Marine x3  
  115  8:50  SCV  
  115  8:52  SCV  
  122  8:57  Marauder x3  
  127  9:05  SCV  
  127  9:06  Marine x2  
  127  9:09  Supply Depot, Barracks Tech Lab x2  
  129  9:10  Supply Depot, Marine  
  129  9:12  Refinery  
  129  9:14  Medivac x2  
  134  9:18  Marauder  
  134  9:19  Marauder x2  
  140  9:24  Refinery, Supply Depot  
  140  9:25  Supply Depot  
  140  9:26  Marine  
  140  9:30  Widow Mine x2, Marine  
  146  9:35  Command Center  
  146  9:37  Marauder x2  
  150  9:39  Marauder  
  151  9:47  Medivac x2  
  151  9:50  Marauder x2, Marine  
  151  9:51  Marine  
  160  9:59  Marauder  
  163  10:00  Marauder, Marine  
  163  10:03  Widow Mine x2  
  168  10:07  Supply Depot  
  168  10:09  Marauder  
  168  10:10  Marine  
  168  10:11  Marauder  
  172  10:14  Marine  
  173  10:27  Medivac, Marauder x2, Marine  
  172  10:28  Medivac  
  172  10:29  Marauder  
  172  10:31  Marauder  
  163  10:43  Marauder, Marine x2  
  163  10:47  Marine  
  163  10:49  Marauder x2  
  166  10:50  Marauder  
  166  10:56  Marauder  
  168  10:57  Medivac  
  168  10:58  Medivac  
  168  11:03  Marine x2  
  173  11:04  Marauder  
  173  11:10  Marauder x2  
  173  11:12  Marauder  
Show
View Real Time Build Order
Export as new Build Order

Socke Protoss 

Build Orders: 1 Gate Expand 

Get SALT Encoding   

  12  0:02  Probe (Chrono Boost)  
  14  0:14  Probe (Chrono Boost)  
  14  0:18  Pylon  
  14  0:25  Probe (Chrono Boost)  
  15  0:32  Probe (Chrono Boost)  
  15  0:36  Gateway  
  15  0:41  Assimilator  
  16  0:46  Probe (Chrono Boost)  
  17  0:59  Probe (Chrono Boost)  
  18  1:11  Probe (Chrono Boost)  
  19  1:18  Nexus  
  19  1:27  Cybernetics Core  
  19  1:32  Probe (Chrono Boost)  
  20  1:35  Assimilator  
  20  1:44  Probe (Chrono Boost)  
  21  1:48  Pylon  
  21  1:54  Adept  
  21  1:57  Probe (Chrono Boost)  
  22  2:03  Warp Gate  
  25  2:09  Probe (Chrono Boost)  
  25  2:17  Stalker  
  25  2:21  Probe (Chrono Boost)  
  28  2:33  Probe (Chrono Boost)  
  28  2:35  Probe (Chrono Boost)  
  30  2:41  Probe (Chrono Boost), Robotics Facility  
  31  2:45  Probe (Chrono Boost)  
  31  2:51  Probe (Chrono Boost)  
  32  2:53  Pylon  
  32  2:57  Probe (Chrono Boost)  
  34  3:03  Probe (Chrono Boost)  
  35  3:06  Probe (Chrono Boost)  
  35  3:12  Probe (Chrono Boost)  
  36  3:15  Stalker, Probe (Chrono Boost)  
  40  3:21  Gateway  
  40  3:23  Probe (Chrono Boost)  
  42  3:27  Probe (Chrono Boost)  
  42  3:29  Observer  
  44  3:35  Probe (Chrono Boost)  
  44  3:36  Robotics Bay  
  44  3:39  Probe (Chrono Boost)  
  45  3:43  Shield Battery  
  46  3:49  Warp Prism  
  46  3:50  Probe (Chrono Boost)  
  46  3:54  Assimilator, Probe (Chrono Boost)  
  46  3:55  Assimilator  
  49  4:04  Probe (Chrono Boost)  
  49  4:05  Pylon  
  49  4:07  Pylon  
  49  4:09  Probe (Chrono Boost)  
  51  4:16  Probe (Chrono Boost)  
  52  4:19  Stalker  
  52  4:20  Disruptor  
  52  4:23  Adept  
  51  4:31  Probe (Chrono Boost)  
  51  4:35  Probe (Chrono Boost)  
  52  4:43  Probe (Chrono Boost)  
  52  4:45  Stalker x2  
  57  4:47  Probe (Chrono Boost)  
  51  5:04  Probe x2 (Chrono Boost)  
  47  5:08  Stalker x2  
  44  5:24  Probe (Chrono Boost)  
  44  5:26  Probe (Chrono Boost)  
  41  5:30  Probe (Chrono Boost)  
  41  5:34  Probe (Chrono Boost)  
  43  5:38  Probe (Chrono Boost)  
  43  5:41  Probe (Chrono Boost)  
  45  5:45  Probe (Chrono Boost)  
  47  5:50  Probe (Chrono Boost)  
  47  5:54  Immortal  
  53  5:57  Gravitic Drive, Probe (Chrono Boost)  
  53  6:02  Probe (Chrono Boost)  
  55  6:11  Probe (Chrono Boost)  
  55  6:14  Probe (Chrono Boost)  
  56  6:21  Stalker x2  
  56  6:23  Probe (Chrono Boost)  
  61  6:28  Observer, Probe (Chrono Boost)  
  62  6:35  Probe (Chrono Boost)  
  65  6:41  Probe (Chrono Boost)  
  66  6:47  Probe (Chrono Boost)  
  66  6:52  Observer  
  66  6:53  Probe (Chrono Boost)  
  68  6:55  Pylon  
  68  6:59  Probe (Chrono Boost)  
  69  7:05  Probe (Chrono Boost)  
  70  7:14  Probe (Chrono Boost)  
  70  7:15  Adept  
  70  7:16  Gateway, Adept  
  70  7:17  Gateway  
  75  7:23  Probe (Chrono Boost)  
  75  7:25  Twilight Council  
  75  7:26  Probe (Chrono Boost)  
  76  7:39  Probe (Chrono Boost)  
  77  7:50  Colossus  
  78  7:51  Probe (Chrono Boost)  
  78  7:52  Pylon  
  73  8:01  Stalker x2  
  75  8:08  Probe (Chrono Boost)  
  75  8:12  Extended Thermal Lance  
  72  8:13  Blink, Probe (Chrono Boost)  
  72  8:20  Probe (Chrono Boost)  
  72  8:22  Nexus  
  72  8:23  Pylon  
  73  8:27  Probe (Chrono Boost)  
  73  8:32  Probe (Chrono Boost)  
  74  8:39  Probe (Chrono Boost), Colossus  
  74  8:40  Sentry  
  77  8:46  Shield Battery  
  77  8:49  Pylon  
  85  8:56  Probe x2 (Chrono Boost)  
  83  9:06  Stalker x4  
  83  9:09  Observer  
  88  9:14  Gateway  
  88  9:16  Gateway  
  88  9:27  Probe x2 (Chrono Boost), Colossus  
  97  9:39  Probe (Chrono Boost)  
  97  9:44  Probe (Chrono Boost)  
  98  9:46  Observer  
  98  9:48  Pylon  
  98  9:50  Probe (Chrono Boost)  
  98  9:51  Forge x2  
  99  9:55  Probe (Chrono Boost)  
  99  9:56  Probe (Chrono Boost)  
  101  10:02  Probe (Chrono Boost)  
  103  10:07  Probe (Chrono Boost)  
  103  10:08  Pylon  
  105  10:15  Probe x2 (Chrono Boost)  
  105  10:19  Stalker x3  
  111  10:22  Zealot  
  111  10:26  Pylon  
  111  10:30  Zealot x2  
  107  10:37  Probe (Chrono Boost)  
  98  10:44  Stalker  
  98  10:45  Stalker x2  
  103  10:58  Probe (Chrono Boost)  
  101  11:14  Zealot x6, Shield Battery  
Tags
 
Add a new tag
Caveats
  • Supply blocks, unpowered buildings, or Contaminate may cause inaccurate times.
  • Supply counts are checked every 10 seconds.